 Dungeon Crawl Stone Soup version 0.30-a0-737-gf23d94013f (webtiles) character file.

Game seed: 1547450705874954413

1177 retardedninja the Covered (level 8, 0/51 HPs)
             Began as a Gargoyle Fighter on Feb 1, 2023.
             Slain by a yak (10 damage)
             ... on level 6 of the Dungeon.
             The game lasted 00:05:27 (5248 turns).

retardedninja the Covered (Gargoyle Fighter)        Turns: 5248, Time: 00:05:27

Health: 0/51       AC: 17    Str: 22    XL:     8   Next: 41%
Magic:  8/8        EV:  8    Int:  9    God:
Gold:   352        SH:  5    Dex:  9    Spells: 7/7 levels left

rFire   . . .      SeeInvis .    a - +0 flail
rCold   . . .      Faith    .    c - +0 buckler
rNeg    + . .      Spirit   .    q - +0 chain mail
rPois   ∞          Reflect  .    (no helmet)
rElec   +          Harm     .    (no cloak)
rCorr   .          Rampage  .    (no gloves)
Will    .....                    m - +0 pair of boots Stlth
                                 (no amulet)
HPRegen 0.28/turn                (no ring)
MPRegen 0.11/turn                (no ring)

@: studying Armour
A: sickness immunity, AC +5, negative energy resistance 1, electricity
resistance, torment resistance 1, petrification resistance
a: no special abilities


You were on level 6 of the Dungeon.
You visited 1 branch of the dungeon, and saw 6 of its levels.

You collected 352 gold pieces.

Inventory:

Hand Weapons
 a - a +0 flail (weapon)
Missiles
 g - a throwing net (quivered)
Armour
 c - a +0 buckler (worn)
 m - a +0 pair of boots (worn)
 q - a +0 chain mail (worn)
Jewellery
 d - a ring of positive energy
 o - a ring of fire
 s - a ring of wizardry
Wands
 u - a wand of digging (5)
 x - a wand of flame (17)
 z - a wand of charming (11)
Scrolls
 b - a scroll of poison
 e - 2 scrolls of teleportation
 h - 3 scrolls of fear
 j - 2 scrolls of amnesia
 k - a scroll of fog {unknown}
 l - a scroll of enchant armour {unknown}
 w - a scroll of immolation {unknown}
 y - a scroll of acquirement {unknown}
 A - a scroll of noise {unknown}
Potions
 i - 3 potions of curing
 n - a potion of magic {unknown}
 p - a potion of degeneration
 r - a potion of attraction
 t - a potion of flight {unknown}
 v - a potion of invisibility {unknown}


   Skills:
 + Level 5.6 Fighting
 * Level 5.4 Maces & Flails
 + Level 7.1 Armour
 + Level 3.0 Dodging
 + Level 5.7 Shields


You had 7 spell levels left.
You didn't know any spells.
Your spell library contained the following spells:

 Spells                   Type           Power      Damage    Failure   Level
 Blink                    Tloc           0%         N/A       99%         2
 Lesser Beckoning         Tloc           0%         N/A       99%         2
 Momentum Strike          Conj/Tloc      0%         3d8       99%         2
 Static Discharge         Conj/Air       0%         2-2/arc   99%         2
 Vhi's Electric Charge    Tloc/Air       0%         N/A       100%        3
 Arcjolt                  Conj/Air       0%         1d10      100%        5
 Lightning Bolt           Conj/Air       0%         1d11      100%        5


Dungeon Overview and Level Annotations

Branches:
Dungeon (6/15)
 Temple: D:4-7

Altars:
Ru


Innate Abilities, Weirdness & Mutations

You are immune to sickness and miasma.
Your stone body is resilient. (AC +5)
You are immune to poison.
You resist negative energy. (rN+)
You are resistant to electric shocks. (rElec)
You are resistant to unholy torment.
You are immune to petrification.


Message History

The yak is lightly wounded.
The yak closely misses you. The yak gores you!
You closely miss the yak.
The yak is lightly wounded.
The yak gores you!
You completely miss the yak.
The yak is lightly wounded.
You block the yak's attack.
You barely miss the yak.
The yak is lightly wounded.
The yak gores you but does no damage.
You hit the yak.
The yak is lightly wounded.
The yak gores you.
You thump the yak!
The yak is heavily wounded.
The yak gores you. The yak gores you!
You sock the yak!
The yak is severely wounded.
The yak gores you!
* * * LOW HITPOINT WARNING * * *
You feel better. The yak gores you.
* * * LOW HITPOINT WARNING * * *
You barely miss the yak.
The yak is severely wounded.
The yak gores you.
* * * LOW HITPOINT WARNING * * *
You hit the yak but do no damage.
The yak is severely wounded.
You block the yak's attack.
You hit the yak.
The yak is severely wounded.
The yak barely misses you.
You sock the yak!
The yak is almost dead.
The yak gores you but does no damage.
You closely miss the yak.
The yak is almost dead.
The yak gores you!
You die...

#..........#
##.####.#
#...#..##### #.#
.. #..##..# #.# .
##...#.# #+##
#.##.###.# #.?.#
#........# #.....
####.##.##
#......
#.#...####.......
#.....@Y.'.......
#.#...####.<.....
#.##.## #...... .
### #..... .
#...# .. #'## .#
#


You could see a yak.

Vanquished Creatures
  A yak (D:6)
  A water moccasin (D:5)
  2 ice beasts
  A black bear (D:4)
  An ogre (D:5)
  A necrophage (D:5)
  A scorpion (D:5)
  2 hounds
  A jelly (D:4)
  An orc priest (D:3)
  Natasha (thrice) (D:4)
  3 orc wizards
  8 adders
  2 ufetubi (D:4)
  2 worms (D:2)
  4 dart slugs
  10 orcs
  6 endoplasms
  5 giant cockroaches
  6 hobgoblins
  6 jackals
  5 kobolds
  2 quokkas (D:2)
  6 ball pythons
  5 bats
  2 frilled lizards
  3 goblins (D:1)
  4 rats
94 creatures vanquished.

Vanquished Creatures (others)
  A yak (D:6)
1 creature vanquished.

Grand Total: 95 creatures vanquished

Notes
Turn   | Place    | Note
-------+----------+-------------------------------------------
     0 | D:1      | retardedninja the Gargoyle Fighter began the quest for the
                  | Orb.
     0 | D:1      | Reached XP level 1. HP: 14/14 MP: 1/1
   238 | D:1      | Reached XP level 2. HP: 12/19 MP: 2/2
   687 | D:1      | Reached XP level 3. HP: 23/23 MP: 3/3
  1284 | D:2      | Reached skill level 4 in Armour
  1377 | D:2      | Found a faded altar of an unknown god.
  1389 | D:2      | Reached XP level 4. HP: 27/29 MP: 4/4
  1888 | D:3      | Reached skill level 1 in Dodging
  1888 | D:3      | Reached XP level 5. HP: 23/33 MP: 5/5
  2538 | D:3      | Found a sacrificial altar of Ru.
  2630 | D:4      | Noticed Natasha
  2641 | D:4      | Killed Natasha
  2668 | D:4      | Noticed Natasha
  2678 | D:4      | Killed Natasha
  2885 | D:4      | Reached skill level 5 in Armour
  2885 | D:4      | Reached XP level 6. HP: 29/39 MP: 6/6
  3119 | D:4      | Noticed Natasha
  3126 | D:4      | Killed Natasha
  3161 | D:4      | Noticed a black bear
  3169 | D:4      | Killed a black bear
  3441 | D:4      | Reached XP level 7. HP: 44/44 MP: 7/7
  3650 | D:5      | Entered Level 5 of the Dungeon
  4397 | D:5      | Reached skill level 5 in Fighting
  4397 | D:5      | Reached skill level 6 in Armour
  4397 | D:5      | Reached skill level 5 in Shields
  4921 | D:5      | Reached XP level 8. HP: 47/50 MP: 8/8
  5160 | D:6      | Reached skill level 5 in Maces & Flails
  5217 | D:6      | Noticed a yak
  5217 | D:6      | Noticed a yak
  5217 | D:6      | Noticed a yak
  5234 | D:6      | Killed a yak
  5235 | D:6      | Reached skill level 7 in Armour
  5248 | D:6      | Slain by a yak

Illustrated notes

Levels and vault maps discovered:
D:1:      minmay_arrival_plants_in_alcoves, layout_basic
D:2:      layout_rooms, hellmonk_ecumenical_altar_inner_sanctum
D:3:      layout_basic, nicolae_ru_the_path_less_chosen
D:4:      layout_gridville, uniq_natasha
D:5:      layout_gridville, uniq_crazy_yiuf_cottage
D:6:      layout_loops_corners, mainiacjoe_overflow_tiny_flanked, minmay_holes,
          uniq_prince_ribbit1

Skill      XL: |  1  2  3  4  5  6  7  8 |
---------------+-------------------------+-----
Armour         | 4 5 6 7 |  7.1
Shields        | 4 5 |  5.7
Fighting       | 4 5 |  5.6
Dodging        | 1 2 3 |  3.0
Maces & Flails | 3 4 5 |  5.4

Action                     |  1- 3 |  4- 6 |  7- 9 || total
---------------------------+-------+-------+-------++-------
  Melee: Flail             |   144 |   178 |   136 ||   458
  Evoke: Wand              |       |       |     1 ||     1
    Use: Scroll            |       |       |     7 ||     7
         Potion            |       |       |     2 ||     2
 Armour: Scale mail        |   102 |    30 |       ||   132
         Chain mail        |       |   116 |   115 ||   231
  Dodge: Dodged            |    81 |    76 |    70 ||   227
  Block: Buckler           |    41 |    49 |    46 ||   136

Table legend: (Time is in decaauts)
 A = Elapsed time spent in this place.
 B = Non-inter-level travel time spent in this place.
 C = Inter-level travel time spent in this place.
 D = Time resting spent in this place.
 E = Time spent auto-exploring this place.
 F = Levels seen in this place.
 G = Mean time per level.
                   A        B        C        D        E       F      G
               +--------+--------+--------+--------+--------+-----+--------+
         Total |   5380 |   5220 |    160 |   1466 |   2805 |   6 |  896.7 |
       Dungeon |   5380 |   5220 |    160 |   1466 |   2805 |   6 |  896.7 |
               +--------+--------+--------+--------+--------+-----+--------+

Top non-repeatable levels by time:
     D:5: 1506 daAuts
     D:4: 1082 daAuts
     D:3: 954 daAuts
     D:1: 873 daAuts
     D:2: 848 daAuts
     D:6: 115 daAuts
